 Dungeon Crawl Stone Soup version 0.31-a0-1068-g5939ac1fb6 (webtiles) character file.

Game seed: 9043210646131159205

169 Dirtsage the Slasher (level 5, 27/41 HPs)
             Began as a Demonspawn Monk on Nov 24, 2023.
             Was a Believer of Wu Jian.
             Quit the game on level 4 of the Dungeon.
             The game lasted 00:05:10 (1997 turns).

Dirtsage the Slasher (Demonspawn Monk)              Turns: 1997, Time: 00:05:11

Health: 27/41      AC:  5    Str: 11    XL:     5   Next: 25%
Magic:  5/5        EV: 16    Int: 11    God:    Wu Jian [**....]
Gold:   194        SH:  4    Dex: 18    Spells: 4/4 levels left

rFire   . . .        a - +0 falchion
rCold   . . .        d - orb {light}
rNeg    . . .        e - +0 ring mail
rPois   .            (no helmet)
rElec   .            (no cloak)
rCorr   .            (no gloves)
SInv    .            (no boots)
Will    .....        (no amulet)
Stlth   +            p - +5 ring of evasion
HPRegen 0.26/turn    (no ring)
MPRegen 0.09/turn

%: no passive effects
@: glowing
A: demonic guardian 1, condensation shield
a: Renounce Religion, Wall Jump


You were on level 4 of the Dungeon.
You worshipped Wu Jian.
Wu Jian was pleased with you.
You visited 2 branches of the dungeon, and saw 5 of its levels.

You collected 194 gold pieces.

Inventory:

Hand Weapons
 a - a +0 falchion (weapon)
Armour
 b - a +0 robe
 d - an orb of light (worn)
 e - a +0 ring mail (worn)
Jewellery
 p - a +5 ring of evasion (left hand)
 w - a ring of magical power
Scrolls
 g - 2 scrolls of identify {unknown}
 h - a scroll of blinking {unknown}
 i - 2 scrolls of butterflies {unknown}
 l - a scroll of poison {unknown}
 m - a scroll of revelation {unknown}
 n - 2 scrolls of enchant weapon {unknown}
 r - 2 scrolls of teleportation {unknown}
 s - a scroll of fear {unknown}
 u - a scroll of vulnerability {unknown}
 x - a scroll of amnesia {unknown}
Potions
 c - 3 potions of ambrosia
 f - a potion of curing {unknown}
 j - 2 potions of enlightenment {unknown}
 k - 2 potions of heal wounds {unknown}
 o - a potion of lignification {unknown}
 q - a potion of degeneration {unknown}
 t - a potion of attraction {unknown}
 v - a potion of magic {unknown}


   Skills:
 - Level 3.0 Fighting
 + Level 5.5 Long Blades
 - Level 2.6 Dodging


You had 4 spell levels left.
You didn't know any spells.
Your spell library contained the following spells:

 Spells                   Type           Power      Damage    Failure   Level
 Foxfire                  Conj/Fire      0%         2x1d4     65%         1
 Dazzling Flash           Conj/Hex       0%         N/A       95%         3
 Agony                    Necr           0%         N/A       100%        5
 Silence                  Hex/Air        0%         N/A       100%        5
 Plasma Beam              Fire/Air       0%         2x1d10    100%        6
 Starburst                Conj/Fire      0%         6d3       100%        6


Dungeon Overview and Level Annotations

Branches:
Dungeon (4/15)             Temple (1/1) D:4

Altars:
Cheibriados
Dithmenos
Hepliaklqana
Kikubaaqudgha
Makhleb
Nemelex Xobeh
Okawaru
Qazlal
Ru
Sif Muna
Trog
Vehumet
Wu Jian
Xom

Shops:
D:3 (


Innate Abilities, Weirdness & Mutations

A weak demonic guardian rushes to your aid.
A meltable shield of frost defends you. (SH +4)


Message History

Your ufetubus hits the quokka. The quokka misses you.
The scorpion completely misses you.
Your ufetubus misses the quokka. Your ufetubus hits the quokka.
The quokka closely misses you.
You spin and attack the quokka.
You hit the quokka but do no damage.
The quokka is heavily wounded.
Your ufetubus hits the quokka.
Your ufetubus closely misses the quokka.
The quokka closely misses you.
You barely miss the scorpion.
The scorpion is heavily wounded.
Your ufetubus closely misses the quokka. x2
The scorpion stings you. The quokka misses you.
Your ufetubus closely misses the quokka.
Your ufetubus hits the quokka.
The quokka dies!
The Council accepts your kill. The scorpion barely misses you.
You take 3 damage, and have 22/35 hp.
You hit the scorpion.
The scorpion is severely wounded.
The scorpion misses you.
You hit the scorpion.
You kill the scorpion!
The Council accepts your kill.
The goblin hits your ufetubus with a +0 dagger.
Your ufetubus hits the goblin.
Your ufetubus closely misses the goblin.
You have reached level 5!
Your demonic ancestry asserts itself...
Frost condenses into a shield before you.
You regained 4 hp, and now have 27/41 hp.
MP restored: 5 You swap places.
You lunge at the goblin.
You slash the goblin!
You kill the goblin!
The Council accepts your kill. The scorpion completely misses you.
Are you sure you want to abandon this character and quit the game? (Confirm with "yes".)
Okay, then.
Unknown command.
Are you sure you want to abandon this character and quit the game? (Confirm with "yes".)

.##.###.###.# ....# #.#
#<# #..# # .. ..### #.#
#.# #.. #. #.# .## #..
... ... .##..# ##
#####.###.. s...# #.#
#.# ...# #.# #.#
##..##### # #.#
#†###..$....# ##
####.###5@sg.# .##
#........##### .<##
##..#.##..#
...####...#.##..#####...
...'....................
...####...#.##..#####...
..## ##..#.##..#
.#######†.......#
###.............#


You could see a scorpion (ally target), a hobgoblin and a friendly ufetubus
(summoned).

Vanquished Creatures
  A scorpion (D:4)
  4 adders
  A worm (D:3)
  A dart slug (D:3)
  An orc (D:3)
  9 ball pythons
  4 bats
  5 endoplasms
  5 goblins
  8 hobgoblins
  A jackal (D:2)
  3 quokkas
  3 frilled lizards
  6 kobolds
  5 rats
57 creatures vanquished.

Vanquished Creatures (collateral kills)
  An adder (D:2)
  2 quokkas (D:4)
  A ball python (D:2)
4 creatures vanquished.

Grand Total: 61 creatures vanquished

Notes
Turn   | Place    | Note
-------+----------+-------------------------------------------
     0 | D:1      | Dirtsage the Demonspawn Monk began the quest for the Orb.
     0 | D:1      | Reached XP level 1. HP: 18/18 MP: 1/1
   132 | D:1      | Reached skill level 3 in Long Blades
   170 | D:1      | Gained mutation: A weak demonic guardian rushes to your
                  | aid. [demonic ancestry]
   170 | D:1      | Reached XP level 2. HP: 15/24 MP: 2/2
   622 | D:2      | Found an ancient bone altar of Kikubaaqudgha.
   634 | D:2      | Reached XP level 3. HP: 15/29 MP: 3/3
   734 | D:2      | Reached skill level 4 in Long Blades
  1032 | D:2      | Reached XP level 4. HP: 35/35 MP: 4/4
  1463 | D:3      | Found Niplyev's Weapon Emporium.
  1801 | D:4      | Found a sparkling altar of Nemelex Xobeh.
  1856 | D:4      | Found a staircase to the Ecumenical Temple.
  1877 | Temple   | Entered the Ecumenical Temple
  1886 | Temple   | Became a worshipper of the Wu Jian Council
  1886 | Temple   | Reached * piety under Wu Jian
  1886 | Temple   | Reached ** piety under Wu Jian
  1974 | D:4      | Noticed a scorpion
  1974 | D:4      | Noticed a scorpion
  1979 | D:4      | Reached skill level 5 in Long Blades
  1995 | D:4      | Killed a scorpion
  1996 | D:4      | Gained mutation: A meltable shield of frost defends you.
                  | (SH +4) [demonic ancestry]
  1996 | D:4      | Reached XP level 5. HP: 27/41 MP: 5/5
  1997 | D:4      | Quit the game

Illustrated notes

Levels and vault maps discovered:
D:1:      minmay_arrival_cross, layout_rooms, minivault_11
D:2:      layout_rooms, basic_altar, minmay_tiny_reverse_x
D:3:      layout_basic, serial_shops, shop
D:4:      minmay_door_path, layout_loops_corners, fedhas_altar_3,
          nemelex_spade_bored_becter, minmay_temple_entry_statues_fountains,
          minmay_bisected
Temple:   hellmonk_temple_two_chambers

Skill      XL: |  1  2  3  4 |
---------------+-------------+-----
Long Blades    | 3 4 5 |  5.5
Fighting       | |  3.0
Dodging        | |  2.6

Action                     |  1- 3 |  4- 6 || total
---------------------------+-------+-------++-------
  Melee: Falchion          |   105 |    66 ||   171
Ability: Lunge             |       |     3 ||     3
         Whirlwind         |       |     1 ||     1
 Armour: Ring mail         |    59 |    25 ||    84
  Dodge: Dodged            |    96 |    57 ||   153

Table legend: (Time is in decaauts)
 A = Elapsed time spent in this place.
 B = Non-inter-level travel time spent in this place.
 C = Inter-level travel time spent in this place.
 D = Time resting spent in this place.
 E = Time spent auto-exploring this place.
 F = Levels seen in this place.
 G = Mean time per level.
                   A        B        C        D        E       F      G
               +--------+--------+--------+--------+--------+-----+--------+
         Total |   2011 |   1942 |     69 |      0 |   1544 |   5 |  402.2 |
       Dungeon |   1992 |   1931 |     61 |      0 |   1544 |   4 |  498.0 |
        Temple |     18 |     10 |      8 |      0 |      0 |   1 |   18.0 |
               +--------+--------+--------+--------+--------+-----+--------+

Top non-repeatable levels by time:
     D:1: 626 daAuts
     D:2: 571 daAuts
     D:3: 526 daAuts
     D:4: 267 daAuts
  Temple: 18 daAuts
